Cogmind - Beta 9.4 @@@ ROGUE MODE // 2020.01.20 @ 20:40:46 // Winter2019/RPGLIKE Player: Daniexpert Result: Destroyed by D-53 Grenadier via exploding Plasma Injector Performance ------------- Evolutions (0) 0 Regions Visited (4) 800 Robots Destroyed (50) 250 Value Destroyed (701) 701 Prototype IDs (25) 500 Alien Tech Used (0) 0 Bonus (300) 300 TOTAL SCORE: 2551 Bonus ------- Aligned with FarCom 300 Cogmind --------- Core Integrity 0/1000 Matter 257/300 Energy 213/250 System Corruption 3% Temperature Cool (191) Movement Walking (120) Location -9/Mines Parts ------- > --- POWER (1) -------- Ion Engine > --- PROPULSION (2) --- Improved Aluminum Leg Improved Aluminum Leg > --- UTILITY (2) ------ Visual Processing Unit > --- WEAPON (2) ------- Assault Rifle > --- INVENTORY (3) ---- Latent Energy Streamer Rocket Launcher Peak State ------------ > --- POWER ------------ Ion Engine > --- PROPULSION ------- Improved Aluminum Leg Improved Aluminum Leg > --- UTILITY ---------- Visual Processing Unit Light Armor Plating > --- WEAPON ----------- Beamcaster Latent Energy Streamer > --- INVENTORY -------- Protomatter Assault Rifle Rocket Launcher [Rating: 23] Favorites ----------- Power Light Ion Engine Engine Light Ion Engine Propulsion Improved Aluminum Leg Treads Light Treads Leg Improved Aluminum Leg Utility Light Armor Plating Processor Visual Processing Unit Protection Light Armor Plating Weapon Assault Rifle Energy Gun Beamcaster Energy Cannon Beam Cannon Ballistic Gun Assault Rifle Launcher Rocket Launcher Build | -11 -10 -10 -10 -9 ------- Run | Scr Mat Min Exi Min Slots Evolved 3 | 2 1 . . . Power . | . . . . . Propulsion 1 | 1 . . . . Utility 1 | 1 . . . . Weapon 1 | . 1 . . . Parts Attached 26 | 4 14 4 1 3 Power 3 | 1 1 . 1 . Engine 3 | 1 1 . 1 . Core . | . . . . . Reactor . | . . . . . Propulsion 8 | 2 6 . . . Treads 6 | 2 4 . . . Leg 2 | . 2 . . . Wheel . | . . . . . Hover . | . . . . . Flight . | . . . . . Utility 2 | . 2 . . . Device . | . . . . . Storage . | . . . . . Processor 1 | . 1 . . . Hackware . | . . . . . Protection 1 | . 1 . . . Artifact . | . . . . . Weapon 13 | 1 5 4 . 3 Energy Gun 2 | . 1 1 . . Energy Cannon 2 | . 1 . . 1 Ballistic Gun 7 | 1 3 2 . 1 Ballistic Cannon . | . . . . . Launcher 2 | . . 1 . 1 Special Weapon . | . . . . . Impact Weapon . | . . . . . Slashing Weapon . | . . . . . Piercing Weapon . | . . . . . Special Melee Weapon . | . . . . . Unidentified Prototypes . | . . . . . Parts Lost 2 | . . . . 2 Power . | . . . . . Propulsion . | . . . . . Utility 1 | . . . . 1 Weapon 1 | . . . . 1 Highest Loss Streak 2 | . . . . 2 Average Slot Usage (%) 92 | . 86 99 100 85 Engine 14 | . 14 14 14 14 Treads 12 | . 23 . . . Leg 16 | . 4 28 28 28 Processor 10 | . 7 14 14 14 Protection 11 | . 8 14 14 3 Energy Gun 6 | . 1 11 14 10 Energy Cannon 5 | . 10 2 . 3 Ballistic Gun 13 | . 14 13 14 7 Naked Turns . | . . . . . Heaviest Build 20 | 5 11 15 15 20 Greatest Support 40 | 40 40 26 26 26 Greatest Overweight (x) 3 | . 3 . . . Average Overweight (x) . | . . . . . Largest Inventory Capacity 3 | 2 3 3 3 3 Average Capacity 2 | 2 2 3 3 3 Most Carried 3 | 2 3 3 3 3 Average Carried 2 | 1 2 2 2 2 Final Capacity 3 | 2 3 3 3 3 Final Carried 3 | 2 3 3 3 2 Class Distribution -------------------- 100% | Mutant Dominant Class ---------------- Mutant | -10/Materials Mutant | -10/Mines Mutant | -10/Exiles Mutant | -9/Mines Resources | -11 -10 -10 -10 -9 ----------- Run | Scr Mat Min Exi Min Matter Collected 838 | 264 474 100 . . Remotely . | . . . . . Salvage Created 1103 | 72 809 58 . 164 Parts 73 | 1 58 14 . . Haulers Intercepted 2 | . 2 . . . Recyclers Shooed 1 | . 1 . . . Parts Field Recycled . | . . . . . Retrieved Matter . | . . . . . Parts Self-Destructed . | . . . . . Prevented . | . . . . . Kills | -11 -10 -10 -10 -9 ------- Run | Scr Mat Min Exi Min Combat Hostiles Destroyed 37 | . 20 8 . 9 Guns 19 | . 14 2 . 3 Cannons 8 | . 6 2 . . AOE 10 | . . 4 . 6 Classes Destroyed 9 | 1 7 . . 1 Worker 2 | . 1 1 . . Builder 2 | . 2 . . . Hauler 2 | . 2 . . . Recycler 3 | 1 2 . . . Operator 1 | . 1 . . . Watcher 3 | . 3 . . . Swarmer 18 | . 10 8 . . Grunt 10 | . 10 . . . Assembled 9 | . . . . 9 Best Kill Streak 9 | 1 4 7 . 9 Combat Bots Only 9 | . 4 5 . 9 Max Kills in Single Turn 7 | 1 1 2 . 7 Gunslinging 1 | . . . . 1 Exploded 6 | . . 2 . 6 Melee . | . . . . . Uniques/NPCs Destroyed . | . . . . . Combat | -11 -10 -10 -10 -9 -------- Run | Scr Mat Min Exi Min Damage Taken 2078 | . 667 144 . 1267 Core 1582 | . 508 91 . 983 Absorbed by Shields . | . . . . . Redirected to Core 1218 | . 346 59 . 813 Core Remaining (%) 100 | 100 . . . . Volleys Fired 138 | 8 112 12 . 6 Largest 2 | 1 2 2 . 2 Hottest 135 | 20 80 108 . 135 Shots Fired 234 | 8 191 24 . 11 Gun 157 | 8 123 16 . 10 Cannon 74 | . 68 5 . 1 Launcher 3 | . . 3 . . Special . | . . . . . Kinetic 134 | 8 112 9 . 5 Thermal 85 | . 68 12 . 5 Explosive 3 | . . 3 . . Electromagnetic 12 | . 11 . . 1 Robot Hit Streak 9 | 8 9 4 . 4 Robot Miss Streak 5 | . 5 3 . 4 Penetration Max . | . . . . . Secondary Targets 1 | . . . . 1 Max Gunslinging Chain 1 | . . . . 1 Shots Hit Robots 116 | 8 91 11 . 6 Core Hits 66 | 2 36 9 . 19 Critical Hits 1 | . . 1 . . Critical Kills 1 | . . 1 . . Critical Parts Destroyed . | . . . . . Melee Attacks . | . . . . . Impact . | . . . . . Slashing . | . . . . . Piercing . | . . . . . Sneak Attacks . | . . . . . Combat Hostiles . | . . . . . Follow-up Attacks . | . . . . . Damage Inflicted 2576 | 93 1487 475 . 521 Guns 998 | 93 707 130 . 68 Cannons 718 | . 662 52 . 4 Explosions 857 | . 117 293 . 447 Melee . | . . . . . Ramming 3 | . 1 . . 2 Kinetic 775 | 93 611 45 . 26 Thermal 958 | . 779 137 . 42 Explosive 293 | . . 293 . . Electromagnetic 547 | . 96 . . 451 Impact . | . . . . . Slashing . | . . . . . Piercing . | . . . . . Highest Corruption 3 | . . . . 3 Average Corruption 3 | . . . . 3 Corruption Purged . | . . . . . Effects 1 | . . . . 1 Heat Flow Errors 1 | . . . . 1 Overload Shots . | . . . . . Overflow Damage 38 | . 38 . . . Projectiles 13 | . 13 . . . Explosions 25 | . 25 . . . Melee . | . . . . . Knockbacks . | . . . . . Impact . | . . . . . Kinetic . | . . . . . Secondary . | . . . . . Self-Inflicted Damage 87 | . . 37 . 50 Shots 3 | . . 2 . 1 Rammed 2 | . 1 . . 1 Targets Rammed 2 | . 1 . . 1 Kicked . | . . . . . Crushed . | . . . . . Highest Temperature 291 | . 258 153 . 291 Average Temperature 75 | . 68 60 . 167 Received Heat Transfer 307 | . 195 . . 112 Effects 1 | . 1 . . . Energy Bleed 1 | . 1 . . . Siege Activations . | . . . . . Robots Corrupted . | . . . . . Combat Hostiles . | . . . . . Parts Fried . | . . . . . Impact Corruptions . | . . . . . Robots Melted . | . . . . . Combat Hostiles . | . . . . . Parts Melted . | . . . . . Heat Transferred 1889 | . 1556 259 . 74 Parts Sabotaged . | . . . . . Parts Stolen . | . . . . . Parts Stripped . | . . . . . Power Chain Reactions 1 | . 1 . . . Missiles Intercepted . | . . . . . Latent Energy Used 103 | . . . . 103 LE Corruption 2 | . . . . 2 Alert | -11 -10 -10 -10 -9 ------- Run | Scr Mat Min Exi Min Peak Influence 391 | 5 391 145 . . Average Influence 171 | 2 231 98 . . Maximum Alert Level 1 | . 1 . . . Low Security (%) 59 | 100 30 100 . 100 Level 1 40 | . 69 . . . Level 2 . | . . . . . Level 3 . | . . . . . Level 4 . | . . . . . Level 5 . | . . . . . High Security . | . . . . . Max Security . | . . . . . Squads Dispatched 6 | . 6 . . . Investigation 3 | . 3 . . . Extermination . | . . . . . Reinforcement 3 | . 3 . . . Assault . | . . . . . Garrison . | . . . . . Intercept . | . . . . . Construction Impeded . | . . . . . Haulers Reinforced . | . . . . . Stealth | -11 -10 -10 -10 -9 --------- Run | Scr Mat Min Exi Min Distress Signals 4 | . 4 . . . Communications Jammed . | . . . . . Distress Signals . | . . . . . Times Spotted 82 | . 48 9 . 25 Peak Tracking Total 23 | . 4 3 . 23 Tactical Retreats 1 | . 1 . . . Traps | -11 -10 -10 -10 -9 ------- Run | Scr Mat Min Exi Min Traps Triggered 3 | . 3 . . . Indirectly . | . . . . . Trap Hack Attempts . | . . . . . Triggered . | . . . . . Disarmed . | . . . . . Reprogrammed . | . . . . . Reused . | . . . . . Traps Extracted . | . . . . . Installed . | . . . . . Triggered . | . . . . . Machines | -11 -10 -10 -10 -9 ---------- Run | Scr Mat Min Exi Min Machines Disabled 7 | . 7 . . . Max in Single Turn 1 | . 1 . . . Machines Sabotaged . | . . . . . Garrisons Compromised . | . . . . . Overloaded Fab Kills . | . . . . . Fab Network Shutdowns . | . . . . . Hacking | -11 -10 -10 -10 -9 --------- Run | Scr Mat Min Exi Min Machines Accessed 7 | . 6 . 1 . Terminals 4 | . 4 . . . Fabricators . | . . . . . Repair Stations 1 | . 1 . . . Recycling Units 1 | . 1 . . . Scanalyzers . | . . . . . Garrison Access . | . . . . . Total Hacks 19 | . 18 . 1 . Successful 9 | . 8 . 1 . Failed 10 | . 10 . . . Catastrophic 2 | . 2 . . . Database Lockouts . | . . . . . Manual 11 | . 10 . 1 . Terminals 12 | . 12 . . . Fabricators . | . . . . . Repair Stations 5 | . 5 . . . Recycling Units 1 | . 1 . . . Scanalyzers . | . . . . . Garrison Access . | . . . . . Terminal Hacks 6 | . 5 . 1 . Prototype ID Bank 2 | . 2 . . . Branch Access Points 1 | . 1 . . . Alert Level 1 | . 1 . . . Unreport Threat 1 | . 1 . . . EX-Prototype ID Bank 1 | . . . 1 . Fabricator Hacks . | . . . . . Repair Station Hacks 2 | . 2 . . . Scan Component 1 | . 1 . . . Repair 1 | . 1 . . . Recycling Unit Hacks 1 | . 1 . . . Retrieve Components 1 | . 1 . . . Scanalyzer . | . . . . . Garrison Access Hacks . | . . . . . Unauthorized Hacks . | . . . . . Terminals . | . . . . . Fabricators . | . . . . . Repair Stations . | . . . . . Recycling Units . | . . . . . Scanalyzers . | . . . . . Garrison Access . | . . . . . Data Cores Recovered . | . . . . . Used . | . . . . . Hacking Detections 5 | . 5 . . . Full Trace Events 5 | . 5 . . . Feedback Events . | . . . . . Feedback Blocked . | . . . . . Robot Schematics Acquired . | . . . . . Robots Built . | . . . . . Matter . | . . . . . Time . | . . . . . Total Robot Build Rating . | . . . . . Part Schematics Acquired . | . . . . . Parts Built . | . . . . . Matter . | . . . . . Time . | . . . . . Total Part Build Rating . | . . . . . Parts Repaired 1 | . 1 . . . Time 26 | . 26 . . . Parts Recycled . | . . . . . Recycled Matter . | . . . . . Retrieved Matter . | . . . . . Retrieved Components 9 | . 9 . . . Parts Scanalyzed . | . . . . . Part Schematics Acquired . | . . . . . Parts Damaged . | . . . . . Bothacking | -11 -10 -10 -10 -9 ------------ Run | Scr Mat Min Exi Min Used RIF Installer . | . . . . . Robots Hacked . | . . . . . Non-combat . | . . . . . Combat . | . . . . . Robot Hacks Applied . | . . . . . Relay Couplers Released . | . . . . . Robots Rewired . | . . . . . Allies Hacked . | . . . . . Hacks Repelled . | . . . . . Allies | -11 -10 -10 -10 -9 -------- Run | Scr Mat Min Exi Min Total Allies . | . . . . . Largest Group . | . . . . . Highest-Rated Group . | . . . . . Highest-Rated Ally . | . . . . . Total Orders . | . . . . . Ally Attacks . | . . . . . Total Damage . | . . . . . Kills . | . . . . . Allies Corrupted . | . . . . . Allies Melted . | . . . . . Intel | -11 -10 -10 -10 -9 ------- Run | Scr Mat Min Exi Min Robot Analysis Total . | . . . . . Derelict Logs Recovered 2 | . . 2 . . Drone Launches . | . . . . . Drone Recoveries . | . . . . . Exploration | -11 -10 -10 -10 -9 ------------- Run | Scr Mat Min Exi Min Turns Passed 3167 | 92 1557 970 503 45 Spaces Moved 1976 | 53 731 759 417 16 Core 15 | 14 1 . . . Treads 628 | 39 589 . . . Legs 1333 | . 141 759 417 16 Wheels . | . . . . . Hover . | . . . . . Flight . | . . . . . Fastest Speed 50 | 50 120 120 120 120 Average Speed 132 | 130 152 120 120 120 Slowest Speed 200 | 160 200 120 120 120 Overloaded Moves . | . . . . . Propulsion Burnouts . | . . . . . Robots Hopped . | . . . . . Cave-ins Triggered . | . . . . . Exploration Rate (%) 57 | 5 88 97 91 8 Regions Visited 4 Branch Regions 3 Pre-discovered Areas 1 | . . 1 . . Known Exits Taken 2 | . 1 . 1 . Unknown Exits Taken 2 | 1 . 1 . . Scrap Searched 3 | . . 3 . . Spaces Dug . | . . . . . Terrain Destroyed 47 | . 3 36 . 8 Melee . | . . . . . Projectile 2 | . . 2 . . AOE 45 | . 3 34 . 8 Actions | -11 -10 -10 -10 -9 --------- Run | Scr Mat Min Exi Min Total 2292 | 66 982 795 419 30 Wait 96 | . 88 8 . . Move 1972 | 52 730 758 416 16 Hop . | . . . . . Pick Up 9 | 2 3 2 1 1 Fast Attach 15 | 4 10 1 . . Attach 2 | . 1 1 . . Detach 1 | . . 1 . . Swap 9 | . 3 2 1 3 Drop 14 | . 8 3 1 2 Fire 138 | 8 112 12 . 6 Melee . | . . . . . Ram . | . . . . . Kick 1 | . . . . 1 Crush 1 | . 1 . . . Escape Stasis . | . . . . . Rewire . | . . . . . Trap . | . . . . . Miscellaneous 34 | . 26 7 . 1 Route ------- -11/Scrapyard -10/Materials (discovered 4 exits: [*Mat x2] / *Min x2) -10/Mines (discovered 3 exits: [*Mat x2] / *Exi) -10/Exiles (discovered 2 exits: *Min x2) -9/Mines History --------- Turn | Location | Event 1 | -11/Scrapyard | Upgraded with Propulsion slot (x1) 1 | -11/Scrapyard | Upgraded with Utility slot (x1) 6 | -11/Scrapyard | Discovered new exit (range 15) 93 | -11/Scrapyard | Entered Materials 154 | -10/Materials | Identified exit to Mines 280 | -10/Materials | Discovered new exit (range 13) 303 | -10/Materials | Build established: Mutant 322 | -10/Materials | Upgraded with Weapon slot (x1) 473 | -10/Materials | Reached level 2 920 | -10/Materials | Repaired Lgt. Treads 1274 | -10/Materials | Discovered new exit (range 7) 1573 | -10/Materials | Reached level 3 1650 | -10/Materials | Entered Mines 1776 | -10/Mines | Discovered new exit (range 9) 1793 | -10/Mines | Received a Mining Laser from a helpful Derelict 1954 | -10/Mines | Received a Rocket Launcher from a helpful Derelict 2126 | -10/Mines | Discovered new exit (range 14) 2134 | -10/Mines | Reached level 4 2195 | -10/Mines | Learned location of Zion (-7) 2231 | -10/Mines | Deemed a non-threat by the Exiles lab entrance 2232 | -10/Mines | Discovered new exit (range 5) 2620 | -10/Mines | Entered Exiles 2621 | -10/Exiles | Identified exit to Mines 2649 | -10/Exiles | Met 8R-AWN 2670 | -10/Exiles | Met EX-HEX 2708 | -10/Exiles | Met EX-BIN 2725 | -10/Exiles | Aligned with FarCom system 2726 | -10/Exiles | Given EX-Vault access code 2758 | -10/Exiles | Opened EX-Vault 2769 | -10/Exiles | Found Latent Energy Streamer 2793 | -10/Exiles | Warned to stay clear of 0b10 Research branches 2826 | -10/Exiles | Met EX-DEC 2918 | -10/Exiles | Visited The Gauntlet 3123 | -10/Exiles | Left Exiles lab with Latent Energy Streamer 3123 | -10/Exiles | Entered Mines 3124 | -9/Mines | Assembled infested the area 3129 | -9/Mines | Assisted by a Guerilla fighting off Assembled 3140 | -9/Mines | Core integrity fell below 50% 3163 | -9/Mines | Core integrity fell below 20% 3168 | -9/Mines | Destroyed by D-53 Grenadier via exploding Plasma Injector Last Messages --------------- 03153_ Acquired Protomatter-43. 03154_ Dropped Protomatter-43. 03155_ as-68026 destroyed. 03155_ Switching to secondary target: as-26664. 03155_ as-26664 destroyed. 03156_ as-19729 destroyed. 03156_ as-92686 destroyed. 03158_ K-01 Serf cleans the Plasma Injector. 03158_ as-55418 destroyed. 03158_ Beamcaster destroyed. 03158_ as-50564 destroyed. 03159_ The unstable cave ceiling collapses. 03162_ Destroyed Asb. Maul. 03162_ as-31251 destroyed. 03162_ as-60403 destroyed. 03162_ as-46180 destroyed. 03163_ K-01 Serf cleans the Plasma Injector. 03166_ K-01 Serf destroyed. 03168_ The unstable cave ceiling collapses. 03168_ Plasma Injector explodes. Map ----- +----------------------------------------------------+ | ??????????????????????? ???? | | ??????????????????????? ????? | | ??????????????????????? ????? | | ???????????????????????# <#????? | | ???????????????????????# ????? | | ???????????????????????# ###?? | | ??????????????????????## ?? | | ?????????????????????## / ?? | | ?????????????????????# a % ?? | | ????????????????????## %== ?? | | ???????????????????## ! % #?? | | ???????????????????# *%] * #?? | | ???????????????????# %= %* #?? | | ???????????????????## % ##?? | | ????????????????????# ##?? | | ????????????????????# #?? | | ????????????????????# dd #?? | | ????????????????????# # #?? | | ????????????????????# #?? | | ????????????????????# #?? | | ????????????????????# #?? | | ?????????????????????# #?? | | ?????????????????????# #?? | | ?????????????????????# #?? | | ????????????????????### #??? | | ????????????????????# @ #?? | | ????????????????????# #?? | | ????????????????????# #?? | | ????????????????????# ##?? | | ????????????????????# #??? | | ????????????????????#########??? | | ???????????????????????????????? | | ???????????????????????????????? | | | | | | | | | | | | | | | | | | | | | | | | | | | | | | | | | | | +----------------------------------------------------+ Best States ------------- Heat Dissipation 25 Energy Generation 10 Energy Capacity 250 Matter Stores 300 Matter Capacity 300 Sight Range 18 Terrain Scan Density 10 Armor Coverage 150 Resistance: KI 5 Resistance: TH 5 Evasion (%) 50 Recoil Reduction 2 Item Schematics ----------------- None Robot Schematics ------------------ None Fabricated ------------ Nothing Alien Tech Used ----------------- None Achievements -------------- None Challenges ------------ None RPGLIKE | -11 -10 -10 -10 -9 --------- Run | Scr Mat Min Exi Min Levels Raised 3 | . 2 1 . . XP Earned 8595 | 3000 3295 1450 350 500 XP Spent 3780 | 1750 2030 . . . Upgrades 16 | 4 12 . . . Propulsion Slot 1 | 1 . . . . Utility Slot 1 | 1 . . . . Weapon Slot 1 | . 1 . . . Core Integrity 8 | . 8 . . . Inventory Capacity 3 | 2 1 . . . KI Resistance % 1 | . 1 . . . TH Resistance % 1 | . 1 . . . Protomatter Created 310 | . 240 37 . 33 Integrity Restored 727 | . 544 159 . 24 Core 569 | . 497 48 . 24 Parts 158 | . 47 111 . . Protomatter Decayed 55 | . 36 19 . . Game ------ Seed StructuralRocketUnit Manual? 0 Play Time 00:23:57 Cumulative 134.5 hours Start 2020.01.20 @ 20:17:23 End 2020.01.20 @ 20:40:46 Sessions 1 Manual Loads 0 Difficulty Rogue Special Mode Winter2019/RPGLIKE Game No. 86 Rogue 86 Adventurer 0 Explorer 0 Win Type - Total 1 Types 0/0/1/0/0/0/0 Lore% 51 Gallery% 72 Achievement% 57 Wizard Run 0 Options --------- ASCII 1 Keyboard 1 Movement Numpad Keybinds 0 Fullscreen 2 Font 18/X11 Map View 76x50 Tactical HUD 1 Map Filters NONE Filters NONE Steam 1 RUN: f38b2776-9bfc-4340-b052-9c8bc03e7a33